 Dungeon Crawl Stone Soup version 0.24.0-29-g8ce449bc06 (webtiles) character file.

Game seed: 4674420874341746220, levelgen mode: deterministic

99 Delamore the Chopper (level 4, 0/39 HPs)
             Began as a Hill Orc Fighter on Nov 14, 2019.
             Was a Follower of Beogh.
             Slain by a hobgoblin (2 damage)
             ... on level 3 of the Dungeon.
             The game lasted 00:02:10 (2062 turns).

Delamore the Chopper (Hill Orc Fighter)             Turns: 2062, Time: 00:02:10

Health: 0/39       AC:  8    Str: 19    XL:     4   Next: 72%
Magic:  4/4        EV:  7    Int:  8    God:    Beogh [*.....]
Gold:   122        SH:  9    Dex: 10    Spells: 3/3 levels left

rFire    . . .     SeeInvis .   a - +0 war axe
rCold    + . .     Gourm    .   c - +0 shield
rNeg     . . .     Faith    .   b - +0 scale mail
rPois    .         Spirit   .   (no helmet)
rElec    .         Reflect  .   (no cloak)
rCorr    .         Harm     .   (no gloves)
MR       .....     Rnd*Tele +   n - +0 pair of boots
Stlth    ..........             (no amulet)
HPRegen  0.13/turn              k - ring of protection from cold
MPRegen  0.09/turn              o - ring of teleportation (curse)

@: no status effects
A: no striking features
a: Renounce Religion


You were on level 3 of the Dungeon.
You worshipped Beogh.
Beogh was aware of your devotion.
You were not hungry.

You visited 1 branch of the dungeon, and saw 3 of its levels.

You collected 122 gold pieces.

Inventory:

Hand Weapons
 a - a +0 war axe (weapon)
Armour
 b - a +0 scale mail (worn)
 c - a +0 shield (worn)
 n - a +0 pair of boots (worn)
Jewellery
 k - a ring of protection from cold (left hand)
 o - a cursed ring of teleportation (right hand)
Wands
 l - a wand of polymorph (6)
Scrolls
 e - a scroll of identify {unknown}
 i - a scroll of teleportation {unknown}
 p - 2 scrolls of magic mapping {unknown}
Potions
 d - a potion of might
 g - a potion of flight {unknown}
 h - 2 potions of berserk rage {unknown}
 j - 2 potions of agility {unknown}
 m - a potion of degeneration {unknown}
 q - 2 potions of curing {unknown}
Comestibles
 f - 6 rations


   Skills:
 - Level 3.6 Fighting
 + Level 6.3 Axes
 - Level 3.2 Armour
 - Level 3.2 Shields


You had 3 spell levels left.
You didn't know any spells.
Your spell library was empty.

Dungeon Overview and Level Annotations

Branches:
Dungeon (3/15)

Altars:
Makhleb
Uskayaw
Beogh


Message History

The hobgoblin barely misses you. The hobgoblin barely misses you.
The ooze hits you but does no damage.
The hobgoblin hits you but does no damage.
The hobgoblin barely misses you. The ooze hits you but does no damage.
The hobgoblin hits you but does no damage.
You block the hobgoblin's attack. The ooze hits you but does no damage.
The hobgoblin hits you but does no damage.
The hobgoblin hits you but does no damage.
The ooze barely misses you.
The hobgoblin hits you but does no damage.
The hobgoblin barely misses you. The ooze hits you but does no damage.
The hobgoblin barely misses you. The ooze closely misses you.
The hobgoblin hits you but does no damage.
The hobgoblin barely misses you. The ooze hits you but does no damage.
You block the hobgoblin's attack. The hobgoblin hits you with a +0 club.
* * * LOW HITPOINT WARNING * * *
The ooze hits you but does no damage. The hobgoblin hits you.
You die...

# #.. #. ...
.###.# ..#.#
.####.#.## #
.........#.#
#...gg..####
#..%@J......
#.##########


You could see an ooze and 2 hobgoblins.

Vanquished Creatures
  4 adders (D:2)
  5 worms (D:2)
  A dart slug (D:1)
  2 leopard geckos
  9 bats
  2 giant cockroaches
  2 goblins
  5 hobgoblins
  2 jackals (D:1)
  5 frilled lizards (D:2)
  6 kobolds
  6 rats
49 creatures vanquished.

Notes
Turn   | Place    | Note
-------+----------+-------------------------------------------
     0 | D:1      | Delamore the Hill Orc Fighter began the quest for the Orb.
     0 | D:1      | Reached XP level 1. HP: 19/19 MP: 1/1
    35 | D:1      | Reached skill level 3 in Axes
    96 | D:1      | Reached XP level 2. HP: 26/26 MP: 2/2
   284 | D:1      | Reached skill level 4 in Axes
   505 | D:1      | Reached XP level 3. HP: 30/31 MP: 3/3
  1242 | D:2      | Reached skill level 5 in Axes
  1371 | D:2      | Reached XP level 4. HP: 39/39 MP: 4/4
  1585 | D:2      | Reached skill level 6 in Axes
  1629 | D:2      | Found a faded altar of an unknown god.
  1673 | D:2      | Became a worshipper of Beogh the Brigand
  1673 | D:2      | Reached * piety under Beogh
  1691 | D:2      | Found a hide-covered altar of Uskayaw.
  1798 | D:2      | Found a burning altar of Makhleb.
  2050 | D:3      | HP: 1/39 [hobgoblin/+0 club (1)]
  2061 | D:3      | HP: 1/39 [hobgoblin/+0 club (1)]
  2062 | D:3      | Slain by a hobgoblin

Levels and vault maps discovered:
D:1:      nicolae_arrival_memento_mori, layout_basic
D:2:      layout_loops_corners, marbit_many_paths,
          eat_drink_and_be_merry_uskayaw, chequers_ecumenical_altar_simple
D:3:      layout_basic

Skill      XL: |  1  2  3  4 |
---------------+-------------+-----
Axes           | 3 4 5 6 |  6.3
Fighting       | |  3.6
Armour         | |  3.2
Shields        | |  3.2

Action                   |  1- 3 |  4- 6 || total
-------------------------+-------+-------++-------
Melee: War axe           |   110 |    76 ||   186
  Eat: Chunk             |     2 |     2 ||     4
Armor: Scale mail        |    50 |   101 ||   151
Dodge: Dodged            |    27 |    70 ||    97
Block: Shield            |    55 |    78 ||   133
